 Dungeon Crawl Stone Soup version 0.28.0 (webtiles) character file.

Game seed: 10717615583602203898

34 Colgate the Gusty (level 3, -1/19 HPs)
             Began as a Kobold Air Elementalist on Feb 13, 2022.
             Was an Initiate of Gozag.
             Slain by a hobgoblin (7 damage)
             ... while paralysed by Grinder
             ... on level 3 of the Dungeon.
             The game lasted 00:11:49 (3446 turns).

Colgate the Gusty (Kobold Air Elementalist)         Turns: 3446, Time: 00:11:50

Health: -1/19      AC:  2    Str:  5    XL:     3   Next: 50%
Magic:  6/6        EV:  3    Int: 18    God:    Gozag
Gold:   161        SH:  0    Dex: 15    Spells: 3/6 levels left

rFire   . . .      SeeInvis .   a - +0 dagger
rCold   . . .      Faith    .   (no shield)
rNeg    . . .      Spirit   .   j - +0 robe
rPois   .          Reflect  .   (no helmet)
rElec   .          Harm     .   (no cloak)
rCorr   .          Rampage  .   (no gloves)
Will    .....                   (no boots)
Stlth   +++.......              (no amulet)
HPRegen 0.06/turn               (no ring)
MPRegen 0.10/turn               (no ring)

@: paralysed
A: small, no large weapons, nightstalker 3
a: Renounce Religion, Potion Petition, Call Merchant, Bribe Branch


You were on level 3 of the Dungeon.
You worshipped Gozag.
Gozag was aware of your devotion.
You visited 1 branch of the dungeon, and saw 3 of its levels.

You collected 161 gold pieces.

Inventory:

Hand Weapons
 a - a +0 dagger (weapon)
 b - a +0 trident
Missiles
 e - 8 poisoned darts
 k - 57 stones
Armour
 c - a +0 buckler
 j - a +0 robe (worn)
Magical Staves
 m - a staff of earth
Scrolls
 f - a scroll of fear {unknown}
 g - a scroll of torment {unknown}
 i - a scroll of magic mapping {unknown}
Potions
 d - a potion of resistance
 h - 2 potions of curing
 l - a potion of lignification
 n - a potion of ambrosia {unknown}


   Skills:
 - Level 2.4 Dodging
 - Level 2.6 Stealth
 - Level 2.1 Spellcasting
 - Level 1.0 Conjurations
 + Level 4.3 Air Magic


You had 3 spell levels left.
You knew the following spells:

 Your Spells              Type           Power      Damage    Failure   Level
a - Shock                 Conj/Air       44%        1d5       6%          1
b - Static Discharge      Conj/Air       11%        N/A       9%          2

Your spell library contained the following spells:

 Spells                   Type           Power      Damage    Failure   Level
 Swiftness                Air            17%        N/A       9%          3
 Pain                     Necr           4%         1d4       19%         1
 Airstrike                Air            8%         N/A       30%         4
 Agony                    Necr           1%         N/A       99%         5
 Excruciating Wounds      Necr           0%         N/A       99%         5


Dungeon Overview and Level Annotations

Branches:
Dungeon (3/15)

Altars:
Gozag

Annotations:
D:3 Grinder


Innate Abilities, Weirdness & Mutations

You are small and have problems with some larger weapons.
You are completely attuned to the shadows.


Message History

Level annotation: Grinder
There is a stone staircase leading up here.
There is a stone staircase leading down here.
There is a stone staircase leading up here.
A hobgoblin comes into view. It is wielding a +0 hand axe.
The hobgoblin moves out of view.
A ball python is nearby!
A ball python is nearby!
Casting: Static Discharge (safe; 9% risk of failure)
Confirm with . or Enter, or press ? or * to list all spells.
Aiming: Shock (safe; 6% risk of failure)
Press: ? - help, Shift-Dir - straight line, f - ball python
Aim: a ball python (wandering, hasn't noticed you, 64% to hit)
The zap hits the ball python.
The ball python is severely wounded.
The ball python hisses angrily.
There is a stone staircase leading up here.
Casting: Shock (safe; 6% risk of failure)
Confirm with . or Enter, or press ? or * to list all spells.
Aiming: Shock (safe; 6% risk of failure)
Press: ? - help, Shift-Dir - straight line, f/p - ball python
Aim: a ball python (severely wounded, 64% to hit)
The zap hits the ball python.
You kill the ball python!
Unknown command.
Grinder is nearby!
Placed new exclusion.
Press: ? - help, v - describe, . - travel A stone staircase leading up.
Unknown command.
Grinder shouts!
You hear a shout!
You hear an angry hiss.
Grinder gestures at you.
You suddenly lose the ability to move!
Grinder gestures at you.
You shrug off the repeated paralysis!
Magic restored.
Grinder hits you! Grinder hits you.
You writhe in agony.
The hobgoblin hits you with a +0 hand axe!
You die...
Your body crumbles into a pile of gold.

######............#
.......#########.##
.##...## #.# .......## #.#
........# #.#
........###### #.#
.>...........###.#
.......#####.....##########
.##...## ####.@g$........
####### ##..5.........
#.............
#.............
#............5 ###
#.......... #.##
#.......5.. #..#####
####..........
##......###...............


You could see Grinder and a hobgoblin.

Vanquished Creatures
  2 worms
  4 endoplasms
  2 goblins
  4 hobgoblins
  2 kobolds (D:1)
  2 quokkas
  7 ball pythons
  2 frilled lizards
  A rat (D:3)
26 creatures vanquished.

Notes
Turn   | Place    | Note
-------+----------+-------------------------------------------
     0 | D:1      | Colgate the Kobold Air Elementalist began the quest for the
                  | Orb.
     0 | D:1      | Reached XP level 1. HP: 10/10 MP: 3/3
   339 | D:1      | Reached XP level 2. HP: 15/15 MP: 0/5
   681 | D:1      | Learned a level 2 spell: Static Discharge
  1710 | D:1      | Reached skill level 4 in Air Magic
  1710 | D:1      | Reached XP level 3. HP: 10/19 MP: 4/6
  2830 | D:3      | Found a faded altar of an unknown god.
  2835 | D:3      | Prayed at the altar of an unknown god.
  2835 | D:3      | Became a worshipper of Gozag Ym Sagoz the Greedy
  2835 | D:3      | Noticed Grinder
  3440 | D:3      | Paralysed by Grinder for 7 turns
  3446 | D:3      | Slain by a hobgoblin

Illustrated notes

Levels and vault maps discovered:
D:1:      scummos_arrival_star, layout_basic
D:2:      layout_loops_ring
D:3:      layout_rooms, nicolae_ecumenical_snake_handling, uniq_grinder

Skill      XL: |  1  2 |
---------------+-------+-----
Air Magic      | 4 |  4.3
Dodging        | |  2.4
Stealth        | |  2.6
Spellcasting   | |  2.1
Conjurations   | |  1.0

Action                   || total
-------------------------++-------
Melee: Short sword       ||     5
       Spear             ||    65
       Dagger            ||    11
 Cast: Shock             ||    30
       Static Discharge  ||    10
  Use: Scroll            ||     3
 Stab: Sleeping          ||    11
Armor: Robe              ||     4
Dodge: Dodged            ||    20
